 Dungeon Crawl Stone Soup version 0.30.1-11-g7821555f0a (webtiles) character file.

Game seed: 14855476167421282399

16114 Peloso the Carver (level 12, -6/107 HPs)
             Began as a Minotaur Fighter on Nov 2, 2023.
             Was an Elder of Okawaru.
             Killed from afar by an oklob plant (16 damage)
             ... with a splash of acid
             ... on level 11 of the Dungeon.
             The game lasted 00:22:50 (13489 turns).

Peloso the Carver (Minotaur Fighter)               Turns: 13489, Time: 00:22:51

Health: -6/107     AC:  0    Str: 22    XL:     12   Next: 7%
Magic:  10/11      EV: 10    Int:  5    God:    Okawaru [****..]
Gold:   868        SH: 13    Dex: 14    Spells: 11/11 levels left

rFire   . . .        a - +0 long sword (heavy)
rCold   . . .        d - +0 kite shield
rNeg    . . .        i - +0 plate armour
rPois   +            (helmet restricted)
rElec   .            (no cloak)
rCorr   .            n - +0 pair of gloves
SInv    +            (no boots)
Will    .....        (no amulet) Stlth
                     t - ring of poison resistance
HPRegen 0.37/turn    G - ring of see invisible
MPRegen 0.12/turn

%: no passive effects
@: heroic, corroded
A: horns 2, retaliatory headbutt
a: Renounce Religion, Heroism, Finesse


You were on level 11 of the Dungeon.
You worshipped Okawaru.
Okawaru was greatly pleased with you.
You visited 2 branches of the dungeon, and saw 12 of its levels.
You also visited: Ossuary.

You collected 932 gold pieces.
You spent 64 gold pieces at shops.

Inventory:

Hand Weapons
 a - a +0 heavy long sword (weapon)
 b - a +0 trident of flaming
Armour
 c - a +1 chain mail
 d - a +0 kite shield (worn)
 i - a +0 plate armour (worn)
 n - a +0 pair of gloves (worn)
Jewellery
 t - a ring of poison resistance (left hand)
 A - an amulet of reflection
 C - a +5 ring of evasion
 D - a +5 ring of evasion
 G - a ring of see invisible (right hand)
Wands
 x - a wand of iceblast (4)
Scrolls
 f - 2 scrolls of fog
 j - 6 scrolls of teleportation
 m - a scroll of poison
 o - 3 scrolls of magic mapping
 r - a scroll of enchant armour
 s - 3 scrolls of noise
 v - 2 scrolls of fear
 y - 2 scrolls of enchant weapon
 E - a scroll of blinking
 H - 2 scrolls of brand weapon
Potions
 e - 6 potions of curing
 g - 3 potions of ambrosia
 h - a potion of brilliance
 k - 3 potions of lignification
 l - 2 potions of cancellation
 p - 2 potions of invisibility
 q - a potion of magic
 u - a potion of mutation
 w - 2 potions of might
 z - 2 potions of flight
 B - 3 potions of heal wounds
 F - a potion of haste


   Skills:
 + Level 10.4(15.4) Fighting
 + Level 14.2(19.2) Long Blades
 + Level 13.3(18.3) Armour
 + Level 3.6(8.6) Dodging
 + Level 1.4(6.4) Stealth
 + Level 9.4(14.4) Shields
 + Level 0.9 Invocations
 + Level 1.3 Evocations


You had 11 spell levels left.
You didn't know any spells.
Your spell library contained the following spells:

 Spells                   Type           Power      Damage    Failure   Level
 Freeze                   Ice            0%         1d3       99%         1
 Shock                    Conj/Air       0%         1d3       99%         1
 Hailstorm                Conj/Ice       0%         3d3       100%        3
 Swiftness                Air            0%         N/A       100%        3
 Vhi's Electric Charge    Tloc/Air       0%         N/A       100%        3
 Airstrike                Air            0%         2d(0-16)  100%        4
 Ice Form                 Ice/Tmut       0%         N/A       100%        4
 Arcjolt                  Conj/Air       0%         1d10      100%        5
 Borgnjor's Vile Clutch   Necr/Erth      0%         N/A       100%        5
 Plasma Beam              Fire/Air       0%         2x1d11    100%        6
 Animate Dead             Necr           Unusable   N/A       N/A         4
 Death Channel            Necr           Unusable   N/A       N/A         6
 Simulacrum               Ice/Necr       Unusable   N/A       N/A         6

Dungeon Overview and Level Annotations

Branches:
Dungeon (11/15)            Temple (1/1) D:4            Lair (0/5) D:11
    Orc (0/2) D:9         Ossuary (visited)

Altars:
Ashenzari
Cheibriados
Dithmenos
Elyvilon
Fedhas
Gozag
Hepliaklqana
Kikubaaqudgha
Makhleb
Nemelex Xobeh
Okawaru
Qazlal
Ru
Sif Muna
Trog
Uskayaw
Vehumet
Wu Jian
Xom
Yredelemnul
Zin
The Shining One

Shops:
D:2 *:[([   D:7 *   D:8 *

Portals:
Abyss: D:11

Annotations:
D:9 6 transporters
D:11 2 transporters, exclusion: oklob plant, kskgo's ghost, journeyman MiBe


Innate Abilities, Weirdness & Mutations

You have a pair of horns on your head.
You reflexively headbutt those who attack you in melee.


Message History

Okay, then.
You gain the combat prowess of a mighty hero.
Really walk into a travel-excluded area?
The oklob plant spits acid at you. The splash of acid hits you!!
The acid corrodes you!
You hit the oklob plant but do no damage.
The oklob plant spits acid at you. The splash of acid hits you!
The acid corrodes you!
You hit the oklob plant.
You headbutt the oklob plant, but do no damage.
The oklob plant is lightly damaged.
You hit the oklob plant but do no damage.
You headbutt the oklob plant, but do no damage.
The oklob plant is lightly damaged.
You hit the oklob plant but do no damage.
You headbutt the oklob plant.
The oklob plant is lightly damaged.
The oklob plant spits acid at you. The splash of acid hits you!
The acid corrodes you!
You slash the oklob plant! You headbutt the oklob plant.
The oklob plant is moderately damaged.
The oklob plant spits acid at you. The splash of acid hits you!!
* * * LOW HITPOINT WARNING * * *
The acid corrodes you!
You slice the oklob plant!!
You headbutt the oklob plant, but do no damage.
The oklob plant is severely damaged.
The oklob plant spits acid at you. The splash of acid hits you!!
* * * LOW HITPOINT WARNING * * *
The acid corrodes you!
You hit the oklob plant but do no damage.
The oklob plant is severely damaged.
Unknown command.
You hit the oklob plant but do no damage.
The oklob plant is severely damaged.
The oklob plant spits acid at you. The splash of acid hits you!
You die...

####
...#######...#
...#
..#...≈...#..#
##.#
....#...#....#
#.#
...##...##...#
#.#
#..PPPP...#.#
#.#
#≈..P>PP[≈#.#
#>#
#...PPPP..#.##
#[#
...##..P##....#
#.#
....#..@#.....#
#.#
..#...≈...#...#
#.##
...#######....#
#..#
.##.####......#
##.#
..##...######
#.# #.#..### #.#
##.#.##
###.#######....#
...............#


You could see an oklob plant.

Vanquished Creatures
  An ogre mage (D:10)
  6 two-headed ogres
  The ghost of Tamtam the Fighter, a novice DsFi of Qazlal (D:7)
  Pikel (D:6)
  An oklob plant (D:11)
  An unseen horror (D:10)
  Maggie (D:6)
  3 trolls
  Prince Ribbit (D:5)
  A shadow (D:10)
  3 wyverns
  11 yaks
  A vampire (D:7)
  2 basilisks (D:10)
  2 humans (D:7)
  3 wraiths
  2 vampire mosquitoes (D:11)
  Menkaure (D:6)
  Edmund (D:5)
  3 acid dragons
  2 water moccasins
  2 black bears
  3 ice beasts
  7 orc warriors
  An ogre (D:7)
  8 centaurs
  2 kobold brigands
  An elf zombie (D:4)
  3 bullfrogs
  3 elf skeletons (D:4)
  A gnoll sergeant (D:8)
  A scorpion (D:7)
  10 killer bees
  3 electric eels (D:10)
  8 howler monkeys
  6 hounds
  5 human zombies
  8 orc priests
  2 gnoll boudas (D:7)
  A jelly (D:5)
  2 sleepcaps (D:6)
  2 human skeletons (D:4)
  2 iguanas
  17 orc wizards
  4 mummies (Ossuary)
  13 gnolls
  6 adders
  2 shadow imps (D:7)
  2 white imps
  2 ufetubi
  3 adder zombies (Ossuary)
  2 worms
  4 dart slugs
  51 orcs
  5 endoplasms
  4 goblins
  5 hobgoblins
  5 quokkas
  6 ball pythons
  5 bats
  2 frilled lizards
  A gnoll zombie (Ossuary)
  A goblin zombie (Ossuary)
  A hobgoblin zombie (Ossuary)
  13 kobolds
  A kobold zombie (Ossuary)
  An orc skeleton (D:4)
  3 orc zombies
  3 rats
  A rat zombie (Ossuary)
292 creatures vanquished.

Notes
Turn   | Place    | Note
-------+----------+-------------------------------------------
     0 | D:1      | Peloso the Minotaur Fighter began the quest for the Orb.
     0 | D:1      | Reached XP level 1. HP: 19/19 MP: 0/0
   166 | D:1      | Reached XP level 2. HP: 27/27 MP: 1/1
   779 | D:2      | Found Teimuyh's Book Shoppe.
   794 | D:2      | Found Owaumal's Assorted Antiques.
   817 | D:2      | Reached XP level 3. HP: 33/33 MP: 2/2
   825 | D:2      | Reached skill level 3 in Long Blades
   838 | D:2      | Bought a scroll labelled PUTOJE KOLE for 32 gold pieces
  1135 | D:2      | Found Xialliom's Armour Emporium.
  1299 | D:2      | Found Ixafar's Armour Emporium.
  1375 | D:2      | Found Dyheugh's Antique Weapon Boutique.
  1509 | D:2      | Bought a scroll labelled ZOACRUIGYLE for 32 gold pieces
  1607 | D:3      | Reached XP level 4. HP: 41/41 MP: 3/3
  1952 | D:3      | Reached skill level 4 in Long Blades
  2255 | D:3      | Found a shadowy altar of Dithmenos.
  2551 | D:4      | Found a staircase to the Ecumenical Temple.
  2599 | D:4      | Reached XP level 5. HP: 47/47 MP: 4/4
  2605 | D:4      | Found a sand-covered staircase.
  2610 | Ossuary  | Entered an ossuary
  2679 | Ossuary  | Reached skill level 5 in Long Blades
  2679 | Ossuary  | Reached XP level 6. HP: 28/53 MP: 5/5
  2787 | Ossuary  | Reached skill level 5 in Shields
  3059 | Temple   | Entered the Ecumenical Temple
  3280 | D:4      | Reached skill level 5 in Fighting
  3280 | D:4      | Reached skill level 5 in Armour
  3376 | D:4      | Reached skill level 6 in Long Blades
  3991 | D:4      | Found a radiant altar of Vehumet.
  3998 | D:4      | Reached XP level 7. HP: 50/61 MP: 6/6
  4002 | D:4      | Found a hide-covered altar of Uskayaw.
  4005 | D:4      | Found a shimmering altar of Xom.
  4138 | D:4      | Reached skill level 1 in Dodging
  4207 | D:4      | Reached skill level 7 in Long Blades
  4258 | D:5      | Entered Level 5 of the Dungeon
  4626 | D:5      | Reached XP level 8. HP: 69/70 MP: 7/7
  4671 | D:5      | Noticed Prince Ribbit
  4679 | D:5      | Killed Prince Ribbit
  4680 | D:5      | Reached skill level 8 in Long Blades
  4984 | D:5      | Noticed Edmund
  4994 | D:5      | Killed Edmund
  5110 | D:5      | Reached skill level 9 in Long Blades
  5630 | D:6      | Noticed Maggie
  5636 | D:6      | Killed Maggie
  5817 | D:6      | Noticed Pikel
  5827 | D:6      | Killed Pikel
  5828 | D:6      | Reached skill level 10 in Long Blades
  5828 | D:6      | Reached XP level 9. HP: 19/78 MP: 8/8
  6492 | D:6      | Noticed Menkaure
  6498 | D:6      | Killed Menkaure
  6561 | D:6      | Found a shimmering blue altar of Sif Muna.
  6570 | D:6      | Got Sif Muna's Folio of Glaciation and the Atmosphere
  6575 | D:6      | Found a bloodstained altar of Trog.
  6874 | D:7      | Reached skill level 11 in Long Blades
  7125 | D:7      | Reached skill level 1 in Stealth
  7198 | D:7      | Found Cahyebb's Neck Hole.
  7310 | D:7      | Found a runed translucent door.
  7314 | D:7      | Noticed Tamtam's ghost (novice DsFi)
  7328 | D:7      | Killed Tamtam's ghost
  7329 | D:7      | Reached skill level 12 in Long Blades
  7329 | D:7      | Reached XP level 10. HP: 29/88 MP: 9/9
  7815 | D:7      | Found a sparkling altar of Nemelex Xobeh.
  7873 | D:7      | Found an iron altar of Okawaru.
  7879 | D:7      | Became a worshipper of Warmaster Okawaru
  8339 | D:7      | Reached skill level 10 in Armour
  8623 | D:8      | You fall into a shaft and drop 1 floor!
  8623 | D:9      | Found a transporter.
  8626 | D:9      | Found a transporter.
  8921 | D:8      | Identified the +1 scale mail of the Loofah {Str+2 Slay+3}
  9132 | D:8      | Found Duluqeaf's Gadget Gallery.
  9321 | D:8      | Reached * piety under Okawaru
  9814 | D:9      | Found a staircase to the Orcish Mines.
  9864 | D:9      | Reached ** piety under Okawaru
 10116 | D:9      | Found a transporter.
 10123 | D:9      | Found a transporter.
 10128 | D:9      | Found a transporter.
 10130 | D:9      | Found a transporter.
 10269 | D:10     | Entered Level 10 of the Dungeon
 10620 | D:10     | Noticed a two-headed ogre
 10629 | D:10     | Killed a two-headed ogre
 10630 | D:10     | Reached XP level 11. HP: 56/95 MP: 10/10
 10860 | D:10     | Noticed a two-headed ogre
 10870 | D:10     | Killed a two-headed ogre
 10870 | D:10     | Reached *** piety under Okawaru
 10871 | D:10     | Reached skill level 13 in Long Blades
 10989 | D:10     | Noticed a two-headed ogre
 10996 | D:10     | Killed a two-headed ogre
 10997 | D:10     | Reached skill level 1 in Evocations
 11020 | D:10     | Noticed an ogre mage
 11024 | D:10     | Paralysed by something for 2 turns
 11034 | D:10     | Killed an ogre mage
 11034 | D:10     | Received a gift from Okawaru
 11361 | D:10     | Noticed a two-headed ogre
 11367 | D:10     | Killed a two-headed ogre
 11561 | D:10     | Found an opulent altar of Gozag.
 11564 | D:10     | Found a snail-covered altar of Cheibriados.
 11569 | D:10     | Found a hazy altar of Hepliaklqana.
 11569 | D:10     | Found a burning altar of Makhleb.
 11570 | D:10     | Found a basalt altar of Yredelemnul.
 11570 | D:10     | Found a glowing silver altar of Zin.
 11572 | D:10     | Found a broken altar of Ashenzari.
 11573 | D:10     | Found a white marble altar of Elyvilon.
 12130 | D:10     | Noticed a two-headed ogre
 12140 | D:10     | Killed a two-headed ogre
 12231 | D:10     | Reached skill level 14 in Long Blades
 12435 | D:11     | Found a one-way gate to the infinite horrors of the Abyss.
 12435 | D:11     | Noticed kskgo's ghost (journeyman MiBe)
 12444 | D:11     | Noticed a wizard
 12444 | D:11     | Noticed a two-headed ogre
 12450 | D:11     | Killed a two-headed ogre
 12451 | D:11     | Reached skill level 10 in Fighting
 12551 | D:11     | Found a transporter.
 12558 | D:11     | Found a transporter.
 13010 | D:11     | Reached **** piety under Okawaru
 13083 | D:11     | Reached XP level 12. HP: 98/107 MP: 11/11
 13230 | D:11     | Found a staircase to the Lair.
 13489 | D:11     | Killed from afar by an oklob plant

Illustrated notes

Levels and vault maps discovered:
D:1:      heliophobic_arrival_dark_side_of_the_moon, layout_rooms,
          serial_curves, eino_curves_02, eino_curves_01, eino_curves_02,
          st_stairs_4
D:2:      layout_rooms, serial_shops, nicolae_shop_real_fake_doors,
          nicolae_shop_tiny_glass, nicolae_shop_peninsula, shop, shop,
          chequers_serial_rivers_small_b
D:3:      layout_basic, nicolae_dithmenos_through_a_glass_darkly
D:4:      layout_basic, minmay_overflow_temple_star_quad,
          minmay_temple_entry_mist, nicolae_ossuary_entry_catacombs,
          nicolae_concentric_dashed_squares_wild, kennysheep_generic_room_13
D:5:      layout_basic, nicolae_sextant, uniq_edmund, uniq_prince_ribbit1
D:6:      layout_basic, nzn_overflow_gifts_of_might_and_magic, minivault_22,
          serial_bayou_pond_b, minmay_fractal_squares_gapless_5, uniq_maggie,
          uniq_menkaure, uniq_pikel
D:7:      layout_cave_pods, nemelex_dance_club_becter, okawaru_humans,
          ebering_ghost_reflecting_pool, nicolae_shop_sticking_my_neck_out
D:8:      layout_gridville, special_room [special_room_orc],
          roderic_cross_of_infinity, nicolae_shop_gadgets
D:9:      layout_cross, orc_0_dummy, serial_nicolae_subway,
          nicolae_sub_station_metal, nicolae_sub_station_crystal,
          nicolae_sub_station_stone
D:10:     minmay_quarter_circles, layout_basic, minitemple
D:11:     layout_loops_ring, dpeg_oklobed_lair, gammafunk_ghost_abyssal_escape
Temple:   nicolae_temple_bog_church

Skill      XL: |  1  2  3  4  5  6  7  8  9 10 11 |
---------------+----------------------------------+-----
Fighting       | 4 5 6 8 10 | 10.4
Armour         | 4 5 6 7 9 11 13 | 13.3
Long Blades    | 3 4 5 6 7 10 12 14 | 14.2
Shields        | 4 5 6 7 9 |  9.4
Dodging        | 1 2 3 |  3.6
Stealth        | 1 |  1.4
Evocations     | 1 |  1.3
Invocations    | |  0.9

Action                     |  1- 3 |  4- 6 |  7- 9 | 10-12 || total
---------------------------+-------+-------+-------+-------++-------
  Melee: Long sword        |    70 |   163 |   238 |   450 ||   921
         Headbutt          |     5 |    23 |    48 |    94 ||   170
 Invoke: Heroism           |       |       |       |     7 ||     7
  Evoke: Wand              |       |       |       |     9 ||     9
    Use: Potion            |     4 |     1 |     1 |     2 ||     8
         Scroll            |     3 |    15 |     2 |     4 ||    24
   Stab: Distracted        |       |       |       |     1 ||     1
 Armour: Scale mail        |    35 |    18 |       |       ||    53
         Chain mail        |       |    93 |   142 |    95 ||   330
         Plate armour      |       |       |       |   212 ||   212
  Dodge: Dodged            |    38 |    65 |   104 |   180 ||   387
  Block: Buckler           |    14 |    47 |    50 |    76 ||   187
         Kite shield       |       |       |       |   167 ||   167
